[ AOE2 MATCH · #462950761 ]
Team RMFranks vs Khmer
[ REPLAY ANALYSIS · EXTRACTED FROM THE RECORDED GAME ]
Feudal
11:26
Castle
22:24
Imperial
—
| APM avg | 17.4 |
| APM peak | 61 |
| eAPM avg | 9.9 |
| Villagers / military | 98 / 38 |
Focus
⚔️ 25.1% · 🌾 74.9%
Spearman ×21 · Knight ×13 · Skirmisher ×4
Feudal
11:35
Castle
19:18
Imperial
—
| APM avg | 21.6 |
| APM peak | 73 |
| eAPM avg | 10.5 |
| Villagers / military | 90 / 62 |
Focus
⚔️ 25.7% · 🌾 74.3%
Camel Scout ×30 · Ghulam ×26 · Monk ×3 · Spearman ×3
Feudal
12:07
Castle
17:02
Imperial
38:30
| APM avg | 32.5 |
| APM peak | 74 |
| eAPM avg | 18.5 |
| Villagers / military | 116 / 262 |
Focus
⚔️ 41.1% · 🌾 58.9%
Scout Cavalry ×199 · Knight ×27 · Obuch ×21 · Battering Ram ×15
Feudal
11:29
Castle
21:38
Imperial
28:17
| APM avg | 16.7 |
| APM peak | 49 |
| eAPM avg | 9.5 |
| Villagers / military | 100 / 36 |
Focus
⚔️ 19.5% · 🌾 80.5%
Ballista Elephant ×26 · Trade Cart ×7 · Skirmisher ×5 · Scout Cavalry ×5
Feudal
11:10
Castle
17:31
Imperial
40:05
| APM avg | 36.9 |
| APM peak | 80 |
| eAPM avg | 19.8 |
| Villagers / military | 110 / 60 |
Focus
⚔️ 24.3% · 🌾 75.7%
Ballista Elephant ×37 · Scorpion ×11 · Trebuchet (Packed) ×11 · Monk ×1
Feudal
9:18
Castle
19:10
Imperial
—
| APM avg | 17.6 |
| APM peak | 41 |
| eAPM avg | 11.4 |
| Villagers / military | 104 / 187 |
Focus
⚔️ 35.0% · 🌾 65.0%
Spearman ×100 · Archer ×49 · Skirmisher ×20 · Militia ×10 · Chu Ko Nu ×5 · Battering Ram ×3
Match map
Initial resources + every placement click. Lines = walls · curves = elevation contours. ◆ gold · ⬟ stone · ● berries · ✦ relic · ◌ wall gap
Inputs per minute
— K.T. - - Urby
Build order — K.T.
First 150 of 224 actions detected
| 0:04 | Research | Loom |
| 0:04 | Create | Villager (Male) ×4 |
| 0:06 | Build | House |
| 0:07 | Build | House |
| 0:09 | Build | House |
| 1:46 | Create | Villager (Male) |
| 1:46 | Create | Villager (Male) |
| 2:24 | Create | Villager (Male) |
| 2:24 | Create | Villager (Male) |
| 2:49 | Create | Villager (Male) |
| 2:49 | Create | Villager (Male) |
| 3:04 | Build | Lumber Camp |
| 3:06 | Create | Villager (Male) |
| 3:06 | Create | Villager (Male) |
| 3:38 | Create | Villager (Male) |
| 3:38 | Create | Villager (Male) |
| 3:49 | Create | Villager (Male) |
| 3:49 | Create | Villager (Male) |
| 3:51 | Create | Villager (Male) |
| 4:44 | Create | Villager (Male) |
| 4:44 | Create | Villager (Male) |
| 5:21 | Create | Villager (Male) |
| 5:21 | Create | Villager (Male) |
| 5:21 | Create | Villager (Male) |
| 6:22 | Create | Villager (Male) |
| 6:22 | Create | Villager (Male) |
| 6:40 | Build | House |
| 6:42 | Build | House |
| 6:44 | Build | House |
| 6:55 | Create | Villager (Male) |
| 6:56 | Create | Villager (Male) |
| 7:35 | Build | Mill |
| 7:45 | Create | Villager (Male) |
| 7:46 | Create | Villager (Male) |
| 8:10 | Build | Mill |
| 9:16 | Research | Feudal Age |
| 9:16 | Research | Feudal Age |
| 10:25 | Create | Villager (Male) |
| 10:25 | Create | Villager (Male) |
| 10:36 | Build | Palisade Gate |
| 10:48 | Build | Palisade Wall |
| 10:52 | Build | House |
| 11:26 | Age | Feudal Age |
| 11:49 | Build | Stone Wall |
| 11:58 | Build | Stone Wall |
| 12:11 | Build | Farm |
| 12:12 | Build | Farm |
| 12:13 | Build | Farm |
| 12:14 | Build | Farm |
| 12:17 | Build | Farm |
| 12:18 | Build | Farm |
| 12:48 | Build | Stone Wall |
| 13:03 | Create | Villager (Male) |
| 13:04 | Create | Villager (Male) |
| 13:06 | Create | Villager (Male) |
| 13:07 | Create | Villager (Male) |
| 13:32 | Build | Building 487 |
| 13:34 | Build | Stone Wall |
| 13:50 | Build | Mining Camp |
| 13:55 | Research | Double-Bit Axe |
| 14:04 | Create | Villager (Male) |
| 15:07 | Build | Stone Wall |
| 15:16 | Build | Stone Wall |
| 15:23 | Build | Palisade Wall |
| 15:47 | Build | House |
| 15:52 | Build | House |
| 16:19 | Build | House |
| 16:31 | Build | Mining Camp |
| 16:32 | Create | Villager (Male) |
| 16:33 | Create | Villager (Male) |
| 17:39 | Create | Villager (Male) |
| 17:40 | Create | Villager (Male) |
| 17:40 | Create | Villager (Male) |
| 17:46 | Build | Farm |
| 17:48 | Build | Farm |
| 17:49 | Build | Farm |
| 17:56 | Build | Farm |
| 17:58 | Build | Farm |
| 17:59 | Build | Farm |
| 18:00 | Build | Farm |
| 18:02 | Build | Farm |
| 18:05 | Build | Blacksmith |
| 18:11 | Build | Market |
| 18:12 | Create | Villager (Male) |
| 18:12 | Create | Villager (Male) |
| 19:39 | Research | Castle Age |
| 19:58 | Build | Barracks |
| 20:22 | Research | Gold Mining |
| 20:23 | Research | Stone Mining |
| 20:58 | Build | Stone Wall |
| 21:27 | Build | Barracks |
| 21:28 | Build | Barracks |
| 21:32 | Build | Stable |
| 21:50 | Build | Building 487 |
| 22:12 | Create | Spearman ×5 |
| 22:13 | Create | Spearman ×5 |
| 22:14 | Create | Spearman ×3 |
| 22:24 | Age | Castle Age |
| 22:38 | Create | Spearman |
| 22:38 | Create | Spearman |
| 22:42 | Create | Spearman |
| 22:42 | Create | Spearman |
| 22:48 | Create | Spearman |
| 22:48 | Create | Spearman |
| 22:48 | Create | Spearman |
| 22:49 | Create | Spearman |
| 22:51 | Research | Pikeman (upgrade) |
| 22:53 | Create | Knight |
| 22:53 | Create | Knight |
| 23:03 | Build | House |
| 23:05 | Build | Palisade Wall |
| 23:07 | Build | House |
| 23:08 | Build | House |
| 23:55 | Create | Knight |
| 23:55 | Create | Knight |
| 24:23 | Create | Knight |
| 24:23 | Create | Knight |
| 24:24 | Create | Knight |
| 24:41 | Build | Building 487 |
| 24:42 | Build | Stone Wall |
| 25:59 | Research | Husbandry |
| 26:01 | Create | Knight |
| 26:01 | Create | Knight |
| 26:22 | Create | Villager (Male) |
| 26:23 | Create | Villager (Male) |
| 26:23 | Create | Villager (Male) |
| 26:25 | Create | Villager (Male) |
| 26:31 | Build | Town Center |
| 27:29 | Build | Stable |
| 27:30 | Build | Stable |
| 28:12 | Create | Knight |
| 28:13 | Create | Knight |
| 28:13 | Create | Knight |
| 28:20 | Research | Scale Barding Armor |
| 28:21 | Research | Forging |
| 28:48 | Create | Knight |
| 30:16 | Create | Villager (Male) ×5 |
| 30:16 | Create | Villager (Male) |
| 30:17 | Create | Villager (Male) |
| 30:17 | Create | Villager (Male) |
| 30:19 | Research | Wheelbarrow |
| 30:27 | Build | Archery Range |
| 30:28 | Build | Archery Range |
| 30:30 | Build | Archery Range |
| 31:04 | Build | Farm |
| 31:39 | Create | Skirmisher ×2 |
| 34:22 | Create | Skirmisher ×2 |
| 35:35 | Create | Villager (Male) |
| 35:36 | Create | Villager (Male) |
| 35:36 | Create | Villager (Male) |
Build order — Urby
First 150 of 284 actions detected
| 0:01 | Create | Villager (Male) |
| 0:01 | Create | Villager (Male) |
| 0:02 | Create | Villager (Male) |
| 0:02 | Create | Villager (Male) |
| 0:04 | Build | House |
| 0:05 | Build | House |
| 1:41 | Create | Villager (Male) |
| 1:42 | Create | Villager (Male) |
| 2:09 | Create | Villager (Male) |
| 2:23 | Build | Lumber Camp |
| 2:28 | Create | Villager (Male) |
| 3:14 | Create | Villager (Male) |
| 3:42 | Create | Villager (Male) |
| 3:43 | Research | Loom |
| 3:47 | Create | Villager (Male) |
| 3:51 | Build | House |
| 4:15 | Research | Loom |
| 4:22 | Build | Mill |
| 5:01 | Create | Villager (Male) |
| 5:04 | Create | Villager (Male) |
| 5:05 | Create | Villager (Male) |
| 5:21 | Build | House |
| 5:30 | Build | House |
| 6:00 | Create | Villager (Male) |
| 6:00 | Create | Villager (Male) |
| 7:03 | Create | Villager (Male) |
| 7:36 | Create | Villager (Male) |
| 8:04 | Create | Villager (Male) |
| 8:04 | Create | Villager (Male) |
| 9:13 | Build | Palisade Wall |
| 9:25 | Research | Feudal Age |
| 10:24 | Build | House |
| 10:26 | Build | House |
| 10:27 | Build | House |
| 10:31 | Build | Palisade Wall |
| 10:58 | Build | Barracks |
| 11:27 | Build | Lumber Camp |
| 11:35 | Age | Feudal Age |
| 11:42 | Research | Double-Bit Axe |
| 11:43 | Research | Horse Collar |
| 12:05 | Build | Stone Wall |
| 12:12 | Build | Building 673 |
| 12:18 | Create | Villager (Male) |
| 12:18 | Create | Villager (Male) |
| 12:19 | Create | Villager (Male) |
| 12:19 | Create | Villager (Male) |
| 12:19 | Create | Villager (Male) |
| 13:00 | Build | Stone Wall |
| 13:01 | Build | Stone Wall |
| 13:02 | Build | Stone Wall |
| 13:07 | Build | Mining Camp |
| 13:21 | Build | Blacksmith |
| 13:27 | Build | Market |
| 13:30 | Build | House |
| 13:34 | Build | House |
| 13:35 | Build | House |
| 14:41 | Build | Mill |
| 14:52 | Build | Farm |
| 14:53 | Create | Villager (Male) |
| 14:53 | Create | Villager (Male) |
| 14:54 | Create | Villager (Male) |
| 14:54 | Create | Villager (Male) |
| 15:33 | Build | Mining Camp |
| 15:39 | Build | Farm |
| 15:40 | Build | Farm |
| 15:41 | Build | Farm |
| 15:42 | Build | Farm |
| 15:43 | Build | Farm |
| 15:46 | Build | Farm |
| 16:38 | Research | Castle Age |
| 17:09 | Build | Stable |
| 18:18 | Build | Farm |
| 19:18 | Age | Castle Age |
| 19:25 | Build | Town Center |
| 19:32 | Build | Town Center |
| 19:41 | Build | Monastery |
| 19:48 | Create | Camel Scout |
| 19:48 | Create | Camel Scout |
| 19:50 | Create | Villager (Male) |
| 19:50 | Create | Villager (Male) |
| 19:51 | Create | Villager (Male) |
| 19:51 | Create | Villager (Male) |
| 19:51 | Create | Villager (Male) |
| 20:04 | Research | Bow Saw |
| 20:26 | Create | Monk |
| 20:47 | Create | Villager (Male) |
| 20:48 | Create | Villager (Male) |
| 21:03 | Create | Camel Scout |
| 21:03 | Create | Camel Scout |
| 21:06 | Create | Villager (Male) |
| 21:06 | Create | Villager (Male) |
| 21:07 | Create | Villager (Male) |
| 21:08 | Create | Villager (Male) |
| 21:08 | Create | Villager (Male) |
| 21:47 | Create | Villager (Male) |
| 21:47 | Create | Villager (Male) |
| 21:48 | Create | Villager (Male) |
| 21:49 | Create | Villager (Male) |
| 22:00 | Research | Heavy Plow |
| 22:07 | Build | Farm |
| 22:10 | Build | Farm |
| 22:11 | Build | Farm |
| 22:12 | Build | Farm |
| 22:13 | Build | Farm |
| 22:54 | Build | Lumber Camp |
| 22:59 | Create | Villager (Male) |
| 22:59 | Create | Villager (Male) |
| 23:00 | Create | Villager (Male) |
| 23:01 | Create | Villager (Male) |
| 23:02 | Create | Villager (Male) |
| 23:11 | Build | Farm |
| 23:17 | Build | Farm |
| 23:18 | Build | Farm |
| 23:18 | Build | Farm |
| 23:35 | Create | Villager (Male) |
| 23:37 | Create | Villager (Male) |
| 23:37 | Create | Villager (Male) |
| 23:38 | Create | Villager (Male) |
| 23:52 | Build | Farm |
| 24:07 | Create | Villager (Male) |
| 24:07 | Create | Villager (Male) |
| 24:08 | Create | Villager (Male) |
| 24:22 | Build | House |
| 24:23 | Build | House |
| 24:26 | Build | House |
| 24:27 | Build | House |
| 24:29 | Build | House |
| 24:30 | Build | House |
| 24:35 | Build | University |
| 24:40 | Create | Villager (Male) |
| 24:40 | Create | Villager (Male) |
| 24:41 | Create | Villager (Male) |
| 24:41 | Create | Villager (Male) |
| 24:42 | Create | Villager (Male) |
| 25:00 | Build | Castle |
| 25:11 | Build | Siege Workshop |
| 25:17 | Build | Stable |
| 25:19 | Build | Stable |
| 25:24 | Create | Villager (Male) |
| 25:24 | Create | Villager (Male) |
| 25:25 | Create | Villager (Male) |
| 25:25 | Create | Villager (Male) |
| 25:37 | Build | Farm |
| 25:38 | Build | Farm |
| 25:39 | Build | Farm |
| 25:40 | Build | Farm |
| 25:43 | Build | Farm |
| 25:44 | Build | Farm |
| 25:48 | Build | Farm |
| 25:49 | Build | Farm |
Build order — Azzrel
First 150 of 406 actions detected
| 0:01 | Create | Villager (Male) |
| 0:01 | Create | Villager (Male) |
| 0:01 | Create | Villager (Male) |
| 0:02 | Create | Villager (Male) |
| 0:03 | Build | House |
| 0:05 | Build | House |
| 1:32 | Build | House |
| 1:41 | Create | Villager (Male) |
| 1:57 | Create | Villager (Male) |
| 2:35 | Create | Villager (Male) |
| 2:35 | Create | Villager (Male) |
| 3:08 | Create | Villager (Male) |
| 3:19 | Build | Lumber Camp |
| 3:26 | Create | Villager (Male) |
| 4:17 | Create | Villager (Male) |
| 4:17 | Create | Villager (Male) |
| 4:36 | Create | Villager (Male) |
| 4:49 | Create | Villager (Male) |
| 5:11 | Research | Loom |
| 5:17 | Build | House |
| 5:23 | Create | Villager (Male) |
| 5:25 | Create | Villager (Male) |
| 6:07 | Create | Villager (Male) |
| 6:27 | Build | Mill |
| 6:39 | Create | Villager (Male) |
| 6:57 | Create | Villager (Male) |
| 7:03 | Create | Villager (Male) |
| 7:33 | Create | Villager (Male) |
| 7:52 | Create | Villager (Male) |
| 8:11 | Create | Villager (Male) |
| 8:50 | Research | Feudal Age |
| 8:55 | Create | Villager (Male) |
| 9:02 | Build | Mining Camp |
| 9:07 | Create | Villager (Male) |
| 9:12 | Research | Feudal Age |
| 9:26 | Build | Mill |
| 12:07 | Age | Feudal Age |
| 12:10 | Create | Villager (Male) |
| 12:12 | Research | Double-Bit Axe |
| 12:22 | Build | Blacksmith |
| 12:25 | Build | Market |
| 12:32 | Create | Villager (Male) |
| 12:41 | Build | Farm |
| 12:42 | Research | Horse Collar |
| 12:51 | Create | Villager (Male) |
| 13:00 | Build | Farm |
| 13:10 | Build | Farm |
| 13:26 | Create | Villager (Male) |
| 13:31 | Build | Farm |
| 13:43 | Build | Farm |
| 13:46 | Build | Farm |
| 13:57 | Create | Villager (Male) |
| 13:59 | Build | Farm |
| 14:13 | Build | House |
| 14:20 | Research | Castle Age |
| 14:48 | Build | Farm |
| 14:54 | Build | House |
| 14:57 | Build | House |
| 15:05 | Build | House |
| 15:18 | Build | Barracks |
| 16:05 | Create | Villager (Male) |
| 16:18 | Research | Wheelbarrow |
| 16:30 | Build | Stable |
| 16:44 | Build | Stable |
| 17:02 | Age | Castle Age |
| 17:02 | Build | Mining Camp |
| 17:36 | Build | Castle |
| 17:51 | Create | Villager (Male) |
| 17:51 | Create | Villager (Male) |
| 18:31 | Create | Villager (Male) |
| 18:56 | Create | Villager (Male) |
| 18:59 | Create | Villager (Male) |
| 19:05 | Create | Villager (Male) |
| 19:06 | Create | Villager (Male) |
| 19:18 | Research | Arson |
| 19:30 | Build | Farm |
| 19:30 | Build | Farm |
| 19:40 | Build | Town Center |
| 19:44 | Create | Villager (Male) |
| 19:54 | Build | Farm |
| 20:00 | Research | Heavy Plow |
| 20:09 | Build | Palisade Gate |
| 20:13 | Create | Villager (Male) |
| 20:27 | Build | Farm |
| 20:47 | Create | Obuch |
| 20:47 | Create | Obuch |
| 20:49 | Research | Scale Mail Armor |
| 20:59 | Build | Siege Workshop |
| 21:11 | Create | Villager (Male) |
| 21:23 | Create | Villager (Male) |
| 21:36 | Create | Villager (Male) |
| 21:38 | Create | Villager (Male) |
| 21:42 | Create | Obuch |
| 21:42 | Create | Obuch |
| 21:42 | Create | Obuch |
| 21:55 | Build | Farm |
| 21:57 | Build | Farm |
| 21:58 | Create | Villager (Male) |
| 22:07 | Create | Villager (Male) |
| 22:17 | Create | Obuch |
| 22:18 | Create | Obuch |
| 22:25 | Build | Siege Workshop |
| 22:35 | Create | Battering Ram |
| 22:43 | Create | Villager (Male) |
| 22:53 | Build | Mill |
| 23:01 | Build | Mill |
| 23:02 | Build | Farm |
| 23:02 | Build | Farm |
| 23:03 | Build | Farm |
| 23:05 | Create | Villager (Male) |
| 23:06 | Create | Villager (Male) |
| 23:07 | Create | Villager (Male) |
| 23:20 | Create | Obuch |
| 23:20 | Create | Obuch |
| 23:20 | Create | Obuch |
| 23:35 | Create | Obuch |
| 23:37 | Create | Obuch |
| 23:41 | Create | Villager (Male) |
| 23:52 | Build | Farm |
| 23:53 | Build | Farm |
| 23:55 | Build | Farm |
| 23:57 | Build | Farm |
| 24:00 | Create | Villager (Male) |
| 24:08 | Create | Obuch |
| 24:15 | Create | Battering Ram |
| 24:15 | Create | Battering Ram |
| 24:44 | Research | Forging |
| 24:59 | Create | Obuch |
| 24:59 | Create | Obuch |
| 25:00 | Create | Villager (Male) |
| 25:02 | Create | Villager (Male) |
| 25:02 | Create | Villager (Male) |
| 25:04 | Build | Farm |
| 25:15 | Create | Villager (Male) |
| 25:49 | Build | House |
| 25:51 | Build | House |
| 26:01 | Build | Farm |
| 26:03 | Create | Villager (Male) |
| 26:03 | Create | Villager (Male) |
| 26:04 | Create | Villager (Male) |
| 26:09 | Build | Farm |
| 26:14 | Create | Villager (Male) |
| 26:18 | Create | Battering Ram |
| 26:18 | Create | Battering Ram |
| 26:25 | Create | Obuch |
| 26:25 | Create | Obuch |
| 26:25 | Create | Obuch |
| 26:43 | Create | Villager (Male) |
| 26:44 | Create | Villager (Male) |
| 26:53 | Create | Villager (Male) |
Build order — zizoo_nico
First 150 of 270 actions detected
| 0:03 | Create | Villager (Male) |
| 0:03 | Research | Loom |
| 0:04 | Create | Villager (Male) |
| 0:04 | Create | Villager (Male) |
| 0:04 | Create | Villager (Male) |
| 0:12 | Build | House |
| 0:13 | Build | House |
| 0:13 | Build | House |
| 0:23 | Build | Farm |
| 0:24 | Build | Farm |
| 1:55 | Create | Villager (Male) |
| 2:43 | Create | Villager (Male) |
| 2:44 | Create | Villager (Male) |
| 3:15 | Create | Villager (Male) |
| 3:33 | Create | Villager (Male) |
| 4:13 | Create | Villager (Male) |
| 4:14 | Create | Villager (Male) |
| 4:41 | Create | Villager (Male) |
| 4:57 | Create | Villager (Male) |
| 5:19 | Create | Villager (Male) |
| 5:48 | Build | Lumber Camp |
| 6:08 | Create | Villager (Male) |
| 6:39 | Create | Villager (Male) |
| 7:18 | Create | Villager (Male) |
| 7:18 | Create | Villager (Male) |
| 7:18 | Create | Villager (Male) |
| 7:30 | Build | House |
| 8:04 | Build | Farm |
| 8:24 | Build | Farm |
| 9:12 | Build | Mill |
| 9:17 | Create | Villager (Male) |
| 9:17 | Research | Feudal Age |
| 9:35 | Build | Mining Camp |
| 10:18 | Build | Farm |
| 10:26 | Build | House |
| 10:28 | Build | House |
| 10:29 | Build | House |
| 10:36 | Create | Villager (Male) |
| 10:37 | Create | Villager (Male) |
| 11:12 | Build | Farm |
| 11:29 | Age | Feudal Age |
| 11:34 | Build | Stable |
| 12:02 | Create | Scout Cavalry |
| 12:02 | Create | Scout Cavalry |
| 12:02 | Create | Scout Cavalry |
| 12:02 | Create | Scout Cavalry |
| 12:02 | Create | Scout Cavalry |
| 12:12 | Create | Villager (Male) |
| 12:12 | Create | Villager (Male) |
| 12:31 | Build | Farm |
| 12:40 | Build | Blacksmith |
| 12:45 | Create | Villager (Male) |
| 12:52 | Build | Farm |
| 12:55 | Create | Villager (Male) |
| 13:32 | Research | Scale Barding Armor |
| 13:43 | Build | Farm |
| 13:47 | Create | Villager (Male) |
| 14:06 | Create | Villager (Male) |
| 14:11 | Build | House |
| 14:15 | Build | House |
| 14:22 | Create | Villager (Male) |
| 14:37 | Create | Villager (Male) |
| 15:44 | Research | Bloodlines |
| 15:47 | Create | Villager (Male) |
| 15:47 | Create | Villager (Male) |
| 15:51 | Build | Farm |
| 16:13 | Create | Villager (Male) |
| 16:20 | Build | Farm |
| 16:55 | Create | Villager (Male) |
| 17:04 | Build | Farm |
| 17:09 | Build | Farm |
| 17:16 | Build | Farm |
| 17:33 | Create | Villager (Male) |
| 18:02 | Create | Villager (Male) |
| 18:10 | Build | Farm |
| 18:35 | Build | Market |
| 18:58 | Research | Castle Age |
| 19:47 | Research | Double-Bit Axe |
| 19:49 | Research | Horse Collar |
| 20:23 | Build | Farm |
| 20:29 | Build | Farm |
| 20:35 | Build | Farm |
| 20:40 | Research | Gold Mining |
| 21:25 | Create | Villager (Male) |
| 21:25 | Create | Villager (Male) |
| 21:38 | Age | Castle Age |
| 21:44 | Research | Light Cavalry (upgrade) |
| 22:00 | Build | Town Center |
| 22:39 | Research | Chain Barding Armor |
| 22:41 | Create | Villager (Male) |
| 22:42 | Create | Villager (Male) |
| 23:44 | Create | Villager (Male) |
| 23:44 | Create | Villager (Male) |
| 23:45 | Create | Villager (Male) |
| 23:46 | Research | Bow Saw |
| 23:56 | Create | Villager (Male) |
| 23:56 | Create | Villager (Male) |
| 23:56 | Create | Villager (Male) |
| 23:56 | Create | Villager (Male) |
| 25:07 | Research | Imperial Age |
| 25:28 | Build | Town Center |
| 26:05 | Build | House |
| 26:06 | Build | House |
| 26:06 | Build | House |
| 26:06 | Build | House |
| 26:06 | Build | House |
| 26:31 | Build | Mining Camp |
| 26:42 | Build | Farm |
| 26:43 | Build | Farm |
| 26:43 | Build | Farm |
| 27:04 | Research | Stone Mining |
| 27:18 | Build | Farm |
| 27:34 | Research | Fletching |
| 28:10 | Research | Stone Shaft Mining |
| 28:17 | Age | Imperial Age |
| 29:21 | Research | Bodkin Arrow |
| 29:37 | Create | Villager (Male) |
| 29:37 | Create | Villager (Male) |
| 29:37 | Create | Villager (Male) |
| 29:37 | Create | Villager (Male) |
| 29:42 | Research | Gold Shaft Mining |
| 29:47 | Research | Husbandry |
| 30:31 | Build | Castle |
| 30:45 | Build | House |
| 30:55 | Build | Farm |
| 31:03 | Build | Archery Range |
| 31:08 | Build | Farm |
| 31:11 | Research | Heavy Plow |
| 31:14 | Create | Villager (Male) |
| 31:15 | Create | Villager (Male) |
| 31:15 | Create | Villager (Male) |
| 31:15 | Create | Villager (Male) |
| 31:15 | Create | Villager (Male) |
| 31:19 | Create | Villager (Male) |
| 31:19 | Create | Villager (Male) |
| 31:19 | Create | Villager (Male) |
| 31:20 | Create | Villager (Male) |
| 31:20 | Create | Villager (Male) |
| 31:20 | Create | Villager (Male) |
| 31:45 | Research | Bracer |
| 31:50 | Create | Villager (Male) |
| 31:51 | Create | Villager (Male) |
| 31:58 | Build | House |
| 32:23 | Build | Farm |
| 32:48 | Build | Mining Camp |
| 32:52 | Research | Wheelbarrow |
| 33:00 | Build | Farm |
| 33:36 | Create | Villager (Male) |
| 33:49 | Build | University |
| 33:54 | Research | Conscription |
Build order — leanrevolver
First 150 of 334 actions detected
| 0:02 | Build | House |
| 0:02 | Create | Villager (Male) |
| 0:03 | Create | Villager (Male) |
| 0:03 | Create | Villager (Male) |
| 0:05 | Build | House |
| 0:23 | Create | Villager (Male) |
| 1:33 | Create | Villager (Male) |
| 1:59 | Create | Villager (Male) |
| 2:24 | Create | Villager (Male) |
| 2:32 | Research | Loom |
| 2:34 | Create | Villager (Male) |
| 2:34 | Create | Villager (Male) |
| 2:54 | Build | Lumber Camp |
| 2:57 | Create | Villager (Male) |
| 3:05 | Create | Villager (Male) |
| 3:48 | Create | Villager (Male) |
| 3:59 | Build | House |
| 4:23 | Create | Villager (Male) |
| 4:42 | Build | Palisade Wall |
| 4:46 | Build | Palisade Wall |
| 4:49 | Build | Palisade Wall |
| 4:56 | Create | Villager (Male) |
| 5:20 | Create | Villager (Male) |
| 5:34 | Create | Villager (Male) |
| 6:13 | Build | House |
| 6:25 | Create | Villager (Male) |
| 6:54 | Build | Palisade Wall |
| 6:55 | Create | Villager (Male) |
| 7:22 | Build | Mill |
| 7:30 | Create | Villager (Male) |
| 7:44 | Create | Villager (Male) |
| 8:30 | Create | Villager (Male) |
| 9:00 | Research | Feudal Age |
| 9:04 | Build | Mill |
| 9:33 | Build | Palisade Wall |
| 9:46 | Build | Palisade Wall |
| 10:04 | Build | House |
| 10:48 | Build | House |
| 11:10 | Age | Feudal Age |
| 11:31 | Build | Palisade Wall |
| 11:50 | Build | Farm |
| 12:06 | Create | Villager (Male) |
| 12:29 | Create | Villager (Male) |
| 12:36 | Build | Mining Camp |
| 12:40 | Create | Villager (Male) |
| 13:00 | Build | Farm |
| 13:03 | Build | Farm |
| 13:10 | Build | Palisade Wall |
| 13:41 | Create | Villager (Male) |
| 14:43 | Build | Mining Camp |
| 14:51 | Research | Castle Age |
| 14:59 | Build | House |
| 15:28 | Build | Farm |
| 16:14 | Build | Farm |
| 17:31 | Age | Castle Age |
| 17:34 | Create | Villager (Male) |
| 17:36 | Create | Villager (Male) |
| 17:43 | Build | Market |
| 18:01 | Create | Villager (Male) |
| 18:02 | Create | Villager (Male) |
| 19:08 | Create | Villager (Male) |
| 19:13 | Build | Farm |
| 19:15 | Build | Farm |
| 19:37 | Build | Castle |
| 19:45 | Create | Villager (Male) |
| 19:45 | Create | Villager (Male) |
| 19:50 | Build | Farm |
| 19:53 | Create | Villager (Male) |
| 20:28 | Build | Town Center |
| 20:33 | Create | Villager (Male) |
| 20:36 | Build | House |
| 20:52 | Build | Farm |
| 21:03 | Create | Ballista Elephant |
| 21:03 | Create | Ballista Elephant |
| 21:03 | Create | Ballista Elephant |
| 21:03 | Create | Ballista Elephant |
| 21:04 | Create | Ballista Elephant |
| 21:04 | Create | Ballista Elephant |
| 21:51 | Create | Villager (Male) |
| 21:51 | Create | Villager (Male) |
| 21:51 | Create | Villager (Male) |
| 21:55 | Build | Farm |
| 22:34 | Create | Ballista Elephant |
| 22:35 | Create | Ballista Elephant |
| 22:35 | Create | Ballista Elephant |
| 22:48 | Create | Ballista Elephant |
| 22:48 | Create | Ballista Elephant |
| 22:53 | Build | Farm |
| 22:53 | Build | Farm |
| 22:53 | Build | Farm |
| 22:54 | Build | Farm |
| 23:06 | Research | Double-Bit Axe |
| 23:09 | Research | Horse Collar |
| 23:24 | Build | Farm |
| 23:40 | Create | Ballista Elephant |
| 23:40 | Create | Ballista Elephant |
| 23:40 | Create | Ballista Elephant |
| 23:55 | Create | Villager (Male) |
| 24:06 | Build | Monastery |
| 25:05 | Create | Ballista Elephant |
| 25:05 | Create | Ballista Elephant |
| 25:06 | Create | Ballista Elephant |
| 25:10 | Create | Monk |
| 25:21 | Build | Farm |
| 26:08 | Create | Ballista Elephant |
| 26:19 | Create | Villager (Male) |
| 26:19 | Create | Villager (Male) |
| 26:19 | Create | Villager (Male) |
| 26:23 | Create | Villager (Male) |
| 26:23 | Create | Villager (Male) |
| 26:23 | Create | Villager (Male) |
| 27:30 | Build | Blacksmith |
| 27:38 | Create | Ballista Elephant |
| 27:38 | Create | Ballista Elephant |
| 27:39 | Create | Ballista Elephant |
| 27:39 | Create | Ballista Elephant |
| 28:19 | Create | Villager (Male) |
| 28:20 | Create | Villager (Male) |
| 28:20 | Create | Villager (Male) |
| 28:22 | Create | Villager (Male) |
| 28:22 | Create | Villager (Male) |
| 28:25 | Research | Scale Mail Armor |
| 28:30 | Research | Scale Barding Armor |
| 29:11 | Create | Villager (Male) |
| 29:12 | Create | Villager (Male) |
| 29:12 | Create | Villager (Male) |
| 29:12 | Create | Villager (Male) |
| 30:06 | Build | House |
| 30:06 | Build | House |
| 30:06 | Build | House |
| 30:07 | Build | House |
| 30:07 | Build | House |
| 30:10 | Build | Farm |
| 30:11 | Build | Farm |
| 30:11 | Build | Farm |
| 30:12 | Build | Farm |
| 30:15 | Create | Villager (Male) |
| 30:15 | Create | Villager (Male) |
| 30:48 | Research | Chain Barding Armor |
| 30:51 | Create | Ballista Elephant |
| 30:52 | Create | Ballista Elephant |
| 30:52 | Create | Ballista Elephant |
| 30:52 | Create | Ballista Elephant |
| 31:49 | Build | Mining Camp |
| 32:45 | Create | Villager (Male) |
| 32:45 | Create | Villager (Male) |
| 32:45 | Create | Villager (Male) |
| 32:45 | Create | Villager (Male) |
| 32:45 | Create | Villager (Male) |
| 33:10 | Create | Villager (Male) |
Build order — risapoc
First 150 of 257 actions detected
| 0:05 | Research | Loom |
| 1:00 | Create | Villager (Male) |
| 1:26 | Create | Villager (Male) |
| 1:57 | Create | Villager (Male) |
| 2:24 | Create | Villager (Male) |
| 2:51 | Create | Villager (Male) |
| 2:51 | Create | Villager (Male) |
| 3:06 | Build | Mill |
| 3:36 | Create | Villager (Male) |
| 3:37 | Create | Villager (Male) |
| 3:37 | Create | Villager (Male) |
| 3:42 | Build | House |
| 4:00 | Create | Villager (Male) |
| 4:00 | Create | Villager (Male) |
| 4:18 | Create | Villager (Male) |
| 5:11 | Create | Villager (Male) |
| 5:12 | Create | Villager (Male) |
| 6:09 | Build | Lumber Camp |
| 6:11 | Create | Villager (Male) |
| 6:12 | Create | Villager (Male) |
| 7:04 | Build | House |
| 7:08 | Research | Feudal Age |
| 8:14 | Create | Villager (Male) |
| 8:14 | Create | Villager (Male) |
| 8:40 | Build | Mill |
| 9:18 | Age | Feudal Age |
| 9:24 | Research | Double-Bit Axe |
| 9:59 | Build | Blacksmith |
| 10:03 | Build | House |
| 10:11 | Create | Villager (Male) |
| 10:11 | Create | Villager (Male) |
| 10:12 | Create | Villager (Male) |
| 10:55 | Build | Market |
| 11:20 | Create | Villager (Male) |
| 11:21 | Create | Villager (Male) |
| 11:42 | Research | Horse Collar |
| 12:21 | Build | Farm |
| 12:31 | Build | Lumber Camp |
| 12:40 | Build | Mining Camp |
| 12:47 | Build | Farm |
| 12:54 | Create | Villager (Male) |
| 12:54 | Create | Villager (Male) |
| 13:07 | Build | House |
| 13:08 | Build | House |
| 13:27 | Create | Villager (Male) |
| 13:35 | Research | Gold Mining |
| 13:44 | Build | Farm |
| 13:48 | Build | Farm |
| 13:51 | Create | Villager (Male) |
| 13:56 | Build | Farm |
| 14:13 | Build | Farm |
| 14:15 | Build | Farm |
| 14:22 | Create | Villager (Male) |
| 14:33 | Build | Farm |
| 14:35 | Build | Farm |
| 14:37 | Build | Farm |
| 14:46 | Build | Farm |
| 14:55 | Create | Villager (Male) |
| 14:55 | Create | Villager (Male) |
| 14:58 | Build | Farm |
| 15:09 | Build | Farm |
| 15:43 | Create | Villager (Male) |
| 15:52 | Build | Farm |
| 15:59 | Build | Farm |
| 16:08 | Build | Barracks |
| 16:26 | Create | Villager (Male) |
| 16:30 | Research | Castle Age |
| 16:51 | Build | House |
| 16:53 | Build | House |
| 17:51 | Research | Fletching |
| 17:52 | Research | Padded Archer Armor |
| 18:19 | Create | Villager (Male) |
| 18:19 | Create | Villager (Male) |
| 18:53 | Create | Villager (Male) |
| 18:53 | Create | Villager (Male) |
| 19:10 | Age | Castle Age |
| 19:13 | Build | Siege Workshop |
| 19:24 | Build | Town Center |
| 19:30 | Research | Bow Saw |
| 19:39 | Build | Town Center |
| 19:43 | Create | Villager (Male) |
| 19:47 | Research | Heavy Plow |
| 20:03 | Create | Battering Ram |
| 20:27 | Create | Villager (Male) |
| 20:34 | Create | Villager (Male) |
| 20:34 | Create | Villager (Male) |
| 21:02 | Build | House |
| 21:16 | Build | Archery Range |
| 21:20 | Create | Villager (Male) |
| 21:21 | Create | Villager (Male) |
| 21:22 | Create | Villager (Male) |
| 21:23 | Create | Villager (Male) |
| 21:29 | Research | Leather Archer Armor |
| 21:30 | Research | Bodkin Arrow |
| 21:37 | Create | Villager (Male) |
| 21:37 | Create | Villager (Male) |
| 21:45 | Build | Farm |
| 21:46 | Build | Farm |
| 21:47 | Build | Farm |
| 21:54 | Build | Farm |
| 22:10 | Create | Archer |
| 22:10 | Create | Archer |
| 22:29 | Build | Archery Range |
| 22:33 | Research | Crossbowman (upgrade) |
| 22:41 | Research | Man-at-Arms (upgrade) |
| 22:41 | Create | Militia |
| 22:45 | Create | Villager (Male) |
| 22:45 | Create | Villager (Male) |
| 22:47 | Create | Villager (Male) |
| 22:48 | Create | Villager (Male) |
| 23:38 | Create | Villager (Male) |
| 23:39 | Create | Villager (Male) |
| 23:39 | Create | Villager (Male) |
| 23:39 | Create | Villager (Male) |
| 23:40 | Create | Villager (Male) |
| 23:46 | Build | Farm |
| 23:47 | Build | Farm |
| 23:48 | Build | Farm |
| 23:50 | Build | Farm |
| 23:54 | Create | Archer ×3 |
| 23:58 | Build | Archery Range |
| 24:07 | Create | Militia |
| 24:07 | Create | Militia |
| 24:10 | Create | Villager (Male) |
| 24:10 | Create | Villager (Male) |
| 24:18 | Create | Villager (Male) |
| 24:18 | Create | Villager (Male) |
| 24:29 | Build | Mining Camp |
| 24:31 | Create | Villager (Male) |
| 24:31 | Create | Villager (Male) |
| 24:43 | Build | Town Center |
| 24:58 | Create | Archer |
| 24:59 | Create | Archer |
| 25:13 | Create | Archer |
| 25:13 | Create | Archer |
| 25:18 | Build | Barracks |
| 25:43 | Create | Archer |
| 25:43 | Create | Archer |
| 25:45 | Create | Battering Ram |
| 25:45 | Create | Battering Ram |
| 25:54 | Create | Villager (Male) |
| 25:54 | Create | Villager (Male) |
| 26:08 | Build | Mining Camp |
| 26:09 | Create | Villager (Male) |
| 26:09 | Create | Villager (Male) |
| 26:09 | Create | Villager (Male) |
| 26:10 | Create | Villager (Male) |
| 26:10 | Create | Villager (Male) |
| 26:28 | Create | Archer ×3 |
| 26:28 | Create | Archer ×3 |
Match timeline
| 4:42 | leanrevolver · wall_segment Palisade Wall x2 |
| 4:46 | leanrevolver · wall_segment Palisade Wall x4 |
| 4:49 | leanrevolver · wall_segment Palisade Wall x5 |
| 6:54 | leanrevolver · wall_segment Palisade Wall x9 |
| 9:13 | Urby · wall_segment Palisade Wall x8 |
| 9:18 | risapoc · age_up feudal |
| 9:33 | leanrevolver · wall_segment Palisade Wall x15 |
| 9:46 | leanrevolver · wall_segment Palisade Wall x13 |
| 10:31 | Urby · wall_segment Palisade Wall x1 |
| 10:48 | K.T. · wall_segment Palisade Wall x8 |
| 10:58 | Urby · first_building Barracks |
| 11:10 | leanrevolver · age_up feudal |
| 11:26 | K.T. · age_up feudal |
| 11:29 | zizoo_nico · age_up feudal |
| 11:31 | leanrevolver · wall_segment Palisade Wall x14 |
| 11:34 | zizoo_nico · first_building Stable |
| 11:35 | Urby · age_up feudal |
| 11:49 | K.T. · wall_segment Stone Wall x8 |
| 11:58 | K.T. · wall_segment Stone Wall x12 |
| 12:05 | Urby · wall_segment Stone Wall x14 |
| 12:07 | Azzrel · age_up feudal |
| 12:48 | K.T. · wall_segment Stone Wall x4 |
| 13:00 | Urby · wall_segment Stone Wall x4 |
| 13:01 | Urby · wall_segment Stone Wall x1 |
| 13:02 | Urby · wall_segment Stone Wall x1 |
| 13:10 | leanrevolver · wall_segment Palisade Wall x5 |
| 13:34 | K.T. · wall_segment Stone Wall x4 |
| 15:07 | K.T. · wall_segment Stone Wall x4 |
| 15:16 | K.T. · wall_segment Stone Wall x8 |
| 15:18 | Azzrel · first_building Barracks |
| 15:23 | K.T. · wall_segment Palisade Wall x1 |
| 16:08 | risapoc · first_building Barracks |
| 16:30 | Azzrel · first_building Stable |
| 17:02 | Azzrel · age_up castle |
| 17:09 | Urby · first_building Stable |
| 17:15 | Azzrel · first_market_sell 500 food |
| 17:17 | Azzrel · first_market_buy 500 stone |
| 17:31 | leanrevolver · age_up castle |
| 17:36 | Azzrel · first_building Castle |
| 18:31 | leanrevolver · first_market_buy 100 stone |
| 19:10 | risapoc · age_up castle |
| 19:13 | risapoc · first_building Siege Workshop |
| 19:18 | Urby · age_up castle |
| 19:37 | leanrevolver · first_building Castle |
| 19:41 | Urby · first_building Monastery |
| 19:58 | K.T. · first_building Barracks |
| 20:14 | risapoc · first_market_buy 100 wood |
| 20:58 | K.T. · wall_segment Stone Wall x1 |
| 20:59 | Azzrel · first_building Siege Workshop |
| 21:16 | risapoc · first_building Archery Range |
| 21:32 | K.T. · first_building Stable |
| 21:38 | zizoo_nico · age_up castle |
| 22:24 | K.T. · age_up castle |
| 23:05 | K.T. · wall_segment Palisade Wall x1 |
| 24:06 | leanrevolver · first_building Monastery |
| 24:19 | K.T. · first_market_sell 100 food |
| 24:42 | K.T. · wall_segment Stone Wall x1 |
| 24:52 | risapoc · first_market_sell 100 stone |
| 25:00 | Urby · first_building Castle |
| 25:11 | Urby · first_building Siege Workshop |
| 26:09 | zizoo_nico · first_market_sell 100 food |
| 26:12 | zizoo_nico · first_market_buy 100 stone |
| 28:17 | zizoo_nico · age_up imperial |
| 30:27 | K.T. · first_building Archery Range |
| 30:31 | zizoo_nico · first_building Castle |
| 30:53 | Urby · first_market_buy 100 food |
| 30:55 | Urby · first_market_sell 500 wood |
| 31:03 | zizoo_nico · first_building Archery Range |
| 32:25 | risapoc · first_building Castle |
| 35:44 | Urby · wall_segment Stone Wall x8 |
| 38:30 | Azzrel · age_up imperial |
| 39:36 | leanrevolver · first_building Siege Workshop |
| 40:05 | leanrevolver · age_up imperial |
| 43:27 | risapoc · resign |
| 45:30 | leanrevolver · first_building Barracks |
[ AI ANALYSIS · 1 CREDIT ]
What really happened in this match?
Wolo.gg analyzes every decision: build order, eco, micro, common mistakes by bracket. Personalized analysis on WhatsApp or Discord in 30 seconds.
Civ guide
Franks
Map guide
Oasis
Perfil
Jugador #9974530